 Dungeon Crawl Stone Soup version 0.30-a0-972-gf3ab3527aa (webtiles) character file.

Game seed: 5049610720774320153

240 retardedninja the Covered (level 5, -15/49 HPs)
             Began as an Armataur Fighter on Mar 31, 2023.
             Demolished by a gnoll
             ... wielding a +2 spear of distortion
             ... led by a gnoll bouda
              (16 damage)
             ... on level 3 of the Dungeon.
             The game lasted 00:03:15 (2551 turns).

retardedninja the Covered (Armataur Fighter)        Turns: 2551, Time: 00:03:16

Health: -15/49     AC: 11    Str: 28    XL:     5   Next: 79%
Magic:  5/5        EV:  5    Int:  8    God:
Gold:   118        SH:  5    Dex: 11    Spells: 4/4 levels left

rFire   . . .      SeeInvis .    a - +0 long sword
rCold   . . .      Faith    .    c - +0 buckler
rNeg    . . .      Spirit   .    o - +0 plate armour
rPois   .          Reflect  .    r - +0 helmet
rElec   .          Roll     +    (no cloak)
rCorr   .                        (no gloves)
Will    .....                    (no barding) Stlth
                                 (no amulet)
HPRegen 0.28/turn                j - +6 ring of strength
MPRegen 0.09/turn                (no ring)

@: no status effects
A: large, rugged brown scales 3, deformed body, armoured tail, roll, long
tongue, awkward tongue
a: no special abilities


You were on level 3 of the Dungeon.
You visited 1 branch of the dungeon, and saw 3 of its levels.

You collected 118 gold pieces.

Inventory:

Hand Weapons
 a - a +0 long sword (weapon)
Armour
 c - a +0 buckler (worn)
 o - a +0 plate armour (worn)
 r - a +0 helmet (worn)
 s - a +0 pair of gloves
Jewellery
 j - a +6 ring of strength (left hand)
Scrolls
 b - a scroll of magic mapping {unknown}
 f - 5 scrolls of identify {unknown}
 g - 2 scrolls of immolation {unknown}
 h - a scroll of enchant armour {unknown}
 l - a scroll of noise {unknown}
 m - a scroll of teleportation {unknown}
 p - a scroll of vulnerability {unknown}
 t - 2 scrolls of enchant weapon {unknown}
Potions
 d - a potion of resistance {unknown}
 e - a potion of berserk rage {unknown}
 i - a potion of curing
 k - a potion of ambrosia {unknown}
 n - a potion of invisibility {unknown}
 q - a potion of mutation {unknown}


   Skills:
 + Level 3.7 Fighting
 + Level 3.1 Long Blades
 + Level 5.0 Armour
 + Level 4.6 Shields


You had 4 spell levels left.
You didn't know any spells.
Your spell library contained the following spells:

 Spells                   Type           Power      Damage    Failure   Level
 Sandblast                Erth           0%         2d4       99%         1
 Passwall                 Tmut/Erth      0%         N/A       100%        2
 Inner Flame              Hex/Fire       0%         N/A       100%        3
 Stone Arrow              Conj/Erth      0%         3d7       100%        3
 Cause Fear               Hex            0%         N/A       100%        4
 Discord                  Hex            0%         N/A       100%        8


Dungeon Overview and Level Annotations

Branches:
Dungeon (3/15)

Altars:
Nemelex Xobeh

Annotations:
D:3 1 runed translucent door, Crazy Yiuf


Innate Abilities, Weirdness & Mutations

You are completely covered in rugged brown scales. (AC +3, +7% HP)
Armour fits poorly on your strangely shaped body.
You have a long armoured tail.
You roll when moving toward enemies. (Rampage)
Your long tongue fully drains potion bottles. (2x potion effects)
Your tongue gives you trouble enunciating. (1.5x scroll delay)


Message History

The gnoll bouda is moderately wounded.
The gnoll bouda hits you but does no damage.
The gnoll hits you from afar with a +2 spear of distortion.
You blink.
You barely miss the gnoll.
You tail-slap the gnoll, but do no damage.
The gnoll hits you but does no damage.
You barely miss the gnoll.
Your attacks no longer feel as feeble.
The gnoll is no longer moving quickly.
The gnoll hits you but does no damage. The gnoll hits you with a +0 whip.
The gnoll hits you from afar with a +2 spear of distortion.
You block the gnoll's attack.
The gnoll is no longer moving quickly.
The gnoll hits you but does no damage.
You blink.
You hit the plant.
The plant begins to die.
The plant is lightly damaged.
You hit the plant.
The plant begins to die.
The plant is lightly damaged.
The gnoll bouda hits the plant with a +0 club!
The plant begins to die.
Level annotation: 1 runed translucent door, Crazy Yiuf Welcome back, retardedninja the Armataur Fighter.
Press ? for a list of commands and other information.
The gnoll bouda barks out a call to the hunt!
The gnolls pick up the pace!
A nearby plant withers and dies.
A nearby plant withers and dies.
The gnoll hits you but does no damage. Space warps horribly around you!
* * * LOW HITPOINT WARNING * * *
The gnoll attacks as you move away!
The gnoll hits you with a +2 spear of distortion.
* * * LOW HITPOINT WARNING * * *
Space warps around you!
* * * LOW HITPOINT WARNING * * *
A nearby plant withers and dies.
The gnoll hits you from afar with a +2 spear of distortion.
* * * LOW HITPOINT WARNING * * *
Space warps horribly around you!
You die...

##### ######...##
##..........
#####....P.P..#. #####
#..(.@gg...P....
#...###.###.Pg....P.#.
###.......#
#.Po..PP..#
####.......#
#...Pg....#
#..........#
#.PP....P.#
#.##.......#
#.....P...#
#.####....##
##.......##
#.####....#
####..###..#.#.
........#.#
#....g.........


You could see a gnoll bouda, 3 gnolls and an orc.

Vanquished Creatures
  An ogre (D:3)
  Jessica (D:2)
  Terence (D:2)
  5 adders
  2 dart slugs (D:1)
  5 orcs (D:3)
  6 endoplasms
  3 giant cockroaches
  5 goblins (D:2)
  3 hobgoblins
  5 kobolds
  A quokka (D:2)
  4 ball pythons
  3 bats
  7 frilled lizards
  3 rats
55 creatures vanquished.

Vanquished Creatures (others)
  4 plants (D:3)
4 creatures vanquished.

Grand Total: 59 creatures vanquished

Notes
Turn   | Place    | Note
-------+----------+-------------------------------------------
     0 | D:1      | retardedninja the Armataur Fighter began the quest for the
                  | Orb.
     0 | D:1      | Reached XP level 1. HP: 19/19 MP: 1/1
    97 | D:1      | Reached XP level 2. HP: 7/26 MP: 2/2
   812 | D:1      | Reached skill level 4 in Armour
  1068 | D:2      | Reached XP level 3. HP: 27/33 MP: 3/3
  1176 | D:2      | Noticed Terence
  1211 | D:2      | Killed Terence
  1212 | D:2      | Reached XP level 4. HP: 17/40 MP: 4/4
  1453 | D:2      | Noticed Jessica
  1473 | D:2      | Killed Jessica
  1850 | D:3      | Found a sparkling altar of Nemelex Xobeh.
  1859 | D:3      | Reached XP level 5. HP: 30/48 MP: 5/5
  2198 | D:3      | Found a runed translucent door.
  2199 | D:3      | Noticed Crazy Yiuf
  2369 | D:3      | Noticed an ogre
  2376 | D:3      | Killed an ogre
  2377 | D:3      | Reached skill level 5 in Armour
  2551 | D:3      | HP: 2/49 [gnoll/+2 spear of distortion[a gnoll bouda] (7)]
  2551 | D:3      | Demolished by a gnoll

Illustrated notes

Levels and vault maps discovered:
D:1:      heliophobic_arrival_ceremonial_halls, layout_loops_ring,
          amcnicky_mini_rare_corridor_liquid
D:2:      layout_basic, minmay_misc_feat_square, uniq_jessica, uniq_terence
D:3:      layout_loops_ring, nemelex_dance_club_becter, nicolae_grassy_gnolls,
          uniq_crazy_yiuf_cottage

Skill      XL: |  1  2  3  4  5 |
---------------+----------------+-----
Long Blades    | 2 3 |  3.1
Armour         | 4 5 |  5.0
Fighting       | 3 |  3.7
Shields        | 4 |  4.6

Action                     |  1- 3 |  4- 6 || total
---------------------------+-------+-------++-------
  Melee: Long sword        |   110 |   116 ||   226
         Tailslap          |    15 |     6 ||    21
    Use: Potion            |     1 |     1 ||     2
 Armour: Scale mail        |    52 |     6 ||    58
         Plate armour      |       |    79 ||    79
  Dodge: Dodged            |    44 |    27 ||    71
  Block: Buckler           |    17 |    29 ||    46

Table legend: (Time is in decaauts)
 A = Elapsed time spent in this place.
 B = Non-inter-level travel time spent in this place.
 C = Inter-level travel time spent in this place.
 D = Time resting spent in this place.
 E = Time spent auto-exploring this place.
 F = Levels seen in this place.
 G = Mean time per level.
                   A        B        C        D        E       F      G
               +--------+--------+--------+--------+--------+-----+--------+
         Total |   2620 |   2593 |     27 |    667 |   1405 |   3 |  873.3 |
       Dungeon |   2620 |   2593 |     27 |    667 |   1405 |   3 |  873.3 |
               +--------+--------+--------+--------+--------+-----+--------+

Top non-repeatable levels by time:
     D:1: 1021 daAuts
     D:2: 841 daAuts
     D:3: 757 daAuts
